Map: Abandoned Camp

Players

Crione

  • Race: Terran Terran
  • Spawn Location: 9:00

SaraKerrigan

  • Race: Terran Terran
  • Spawn Location: 7:00

Teldo

  • Race: Terran Terran
  • League: Platinum
  • Spawn Location: 11:00

FENIX - Winner!

  • Race: Terran Terran
  • Spawn Location: 5:00

Metasapien - Winner!

  • Race: Zerg Zerg
  • League: Platinum
  • Spawn Location: 3:00

NEO - Winner!

  • Race: Protoss Protoss
  • League: Platinum
  • Spawn Location: 3:00

VOD

Have the link to the VOD?

Description

Time

  • Played on: Sept. 24, 2017, 2:14 p.m.
  • Length: 20:36
Show
View Real Time Build Order
Export as new Build Order

Crione Terran 

Build Orders: MMM Bio 

Get SALT Encoding   

  12  0:36  SCV  
  12  0:39  Supply Depot  
  13  0:51  Command Center  
  13  0:55  SCV  
  14  1:16  SCV  
  14  1:17  Barracks  
  15  1:24  Refinery  
  15  1:31  SCV  
  16  1:43  SCV  
  17  1:55  SCV  
  18  2:02  Barracks  
  18  2:03  Refinery, SCV  
  19  2:09  Marine  
  20  2:20  SCV x2  
  22  2:33  Barracks Tech Lab, Supply Depot  
  22  2:35  SCV  
  22  2:36  SCV  
  24  2:50  Supply Depot  
  24  2:52  Marine  
  24  2:55  Stimpack  
  25  3:04  Factory  
  25  3:06  SCV  
  25  3:08  SCV  
  27  3:21  Barracks  
  27  3:23  SCV  
  27  3:24  Barracks Tech Lab  
  27  3:26  SCV  
  29  3:36  Orbital Command  
  29  3:39  SCV  
  30  3:42  Marine  
  30  3:45  Combat Shields  
  31  3:49  Factory Tech Lab  
  31  3:53  SCV  
  32  3:59  Marauder  
  34  4:19  Siege Tank  
  34  4:20  Marine x2  
  34  4:21  Refinery, Marine  
  40  4:35  Engineering Bay  
  40  4:37  Engineering Bay, SCV x2  
  42  4:42  Refinery  
  42  4:43  Barracks Reactor  
  42  4:47  Barracks, Marine  
  42  4:48  Marine  
  42  4:49  SCV  
  45  5:01  Terran Infantry Weapons Level 1  
  45  5:05  SCV  
  47  5:07  Orbital Command  
  47  5:14  Missile Turret  
  46  5:15  Missile Turret  
  46  5:17  SCV  
  47  5:23  Marine x3  
  47  5:24  Marine  
  51  5:29  Terran Infantry Armor Level 1, SCV  
  52  5:42  SCV  
  53  5:55  Marine  
  54  6:00  Barracks Reactor  
  54  6:01  Supply Depot  
  54  6:22  SCV x2, Marine x4  
  54  6:23  Supply Depot  
  60  6:29  Supply Depot  
  60  6:31  Siege Tank  
  63  6:34  SCV x2  
  65  6:45  Marine x4  
  65  6:46  Marine  
  65  6:47  Marine  
  70  6:52  Supply Depot  
  71  7:02  Marine  
  71  7:03  Marine  
  63  7:29  Marine x3  
  64  7:30  Siege Tank  
  64  7:33  Marauder x2  
  64  7:36  Barracks  
  71  7:40  Starport, SCV  
  71  7:41  SCV  
  71  7:43  Starport, Supply Depot  
  73  7:53  SCV x2  
  73  7:55  Marine x4  
  73  7:56  Marine x2  
  81  8:03  Armory  
  81  8:09  Command Center  
  81  8:18  Marine  
  81  8:19  Marine  
  83  8:29  Siege Tank  
  83  8:30  Marine x3  
  83  8:31  Marine  
  83  8:32  Barracks Reactor  
  83  8:34  Starport Reactor x2  
  90  8:36  Marine  
  91  9:01  Marine x3  
  91  9:02  Marine x2  
  96  9:21  Marine x2  
  96  9:22  Marine  
  99  9:26  Planetary Fortress  
  99  9:28  Missile Turret  
  99  9:33  Terran Infantry Armor Level 2, Terran Infantry Weapons Level 2  
  99  9:35  Medivac x4  
  99  9:37  Marine x5  
  109  10:11  Marine x3  
  109  10:12  Marine x4  
  116  10:50  Marine  
  116  10:51  Siege Tank  
  116  10:52  Marine  
  116  10:53  Marine  
  116  10:54  Medivac x2  
  117  10:57  Marine  
  117  10:58  Marine x2  
  117  10:59  Medivac, Marine x2  
  115  11:17  Marine x3  
  118  11:23  Siege Tank  
  98  12:07  Marine x5  
  98  12:08  Marine x2  
  104  12:09  Siege Tank  
  107  12:21  Terran Infantry Weapons Level 3  
  107  12:22  Terran Infantry Armor Level 3  
  107  12:23  Terran Vehicle And Ship Armor Level 1  
  107  12:26  Medivac x4  
  108  12:40  Marine  
  100  12:53  Marine x2  
  96  13:19  Marine x6  
  101  13:20  Marine x2  
  101  13:24  Barracks  
  104  13:27  Barracks  
  104  13:31  Barracks  
  104  13:33  Refinery  
  104  13:36  Refinery, Marine  
  104  13:37  Marine  
  104  13:38  Marine x3  
  104  13:39  Marine x3  
  112  13:54  Marine x2  
  114  13:56  Marine x3  
  114  13:57  Marine x2  
  114  13:59  Marine  
  120  14:18  Marine x2  
  120  14:19  Marine x4  
  120  14:20  Marine x2  
  131  14:25  Supply Depot x3  
  128  14:32  Barracks Reactor x3  
  110  14:47  Supply Depot  
  110  14:50  Supply Depot  
  97  14:53  Marine x3  
  97  14:54  Marine x4  
  99  15:04  Marine  
  100  15:08  Marine x3  
  100  15:09  Marine x3  
  100  15:11  Marine x5  
  100  15:12  Marine x2  
  113  15:22  Marine  
  113  15:26  Marine x4  
  113  15:27  Marine  
  108  15:34  Marine x3  
  108  15:35  Marine x5  
  113  15:47  Marine x5  
  113  15:48  Marine  
  118  15:52  Marine x4  
  122  15:59  Marine x2  
  92  16:13  Marine x3  
  92  16:14  Marine x7  
  92  16:15  Marine  
  89  16:19  Marauder  
  88  16:27  Siege Tank  
  77  16:41  Marine x2  
  77  16:42  Marine x6  
  65  16:54  Marine x3  
  65  16:59  Marine x2  
  65  17:00  Marine x3  
  66  17:21  Marine x2  
  66  17:22  Marine x3  
  57  17:27  Marine x3  
  55  17:31  Marine x2  
  55  17:39  Marine  
  52  17:48  Marine x2  
  16  18:56  Orbital Command  
Show
View Real Time Build Order
Export as new Build Order

SaraKerrigan Terran 

Build Orders:  

Get SALT Encoding   

  12  0:35  SCV  
  13  0:47  Supply Depot  
  13  0:48  SCV  
  14  0:52  Refinery  
  14  0:53  Refinery  
  14  1:00  SCV  
  15  1:12  Barracks, SCV  
  16  1:24  SCV  
  17  1:29  Barracks  
  17  1:36  SCV  
  18  1:48  SCV  
  19  2:00  SCV  
  20  2:09  Factory  
  20  2:12  SCV  
  21  2:18  Factory  
  21  2:22  Barracks Reactor  
  21  2:24  SCV  
  22  2:57  Barracks Reactor  
  22  3:09  Orbital Command  
  22  3:26  Supply Depot  
  22  3:33  Supply Depot  
  22  3:36  Supply Depot  
  22  3:40  SCV  
  23  3:44  Cyclone x2  
  23  3:48  Cyclone x2  
  35  3:52  SCV  
  37  4:07  Engineering Bay  
  36  4:16  Cyclone  
  39  4:17  Barracks Tech Lab  
  42  4:38  Barracks Tech Lab  
  42  4:55  Siege Tank  
  42  5:18  Marine x2  
  44  5:22  Siege Tank  
  47  5:34  Siege Tank  
  50  5:58  Missile Turret, Siege Tank  
  53  6:28  Siege Tank  
  53  6:30  Hellion  
  36  6:45  Marine  
  37  6:53  Starport  
  37  6:56  Siege Tank  
  37  7:01  Hellion  
  42  7:11  Missile Turret  
  42  7:19  Command Center  
  42  7:20  Refinery  
  42  7:21  Widow Mine  
  44  7:26  Marine  
  44  7:28  Siege Tank  
  48  7:36  Command Center  
  48  7:39  Refinery  
  48  7:50  Widow Mine  
  48  7:51  Terran Infantry Weapons Level 1  
  50  7:54  SCV  
  51  8:05  Refinery  
  51  8:06  SCV  
  52  8:15  Marine x2  
  52  8:16  Widow Mine  
  52  8:18  Viking x2, SCV  
  61  8:37  SCV  
  62  8:54  Planetary Fortress  
  62  8:56  Sensor Tower  
  62  9:08  Orbital Command  
  62  9:21  Widow Mine  
  62  9:22  Viking  
  62  9:23  Viking  
  68  9:28  Marine  
  69  9:40  Starport  
  69  9:42  Marine  
  70  9:46  SCV  
  70  9:47  SCV  
  72  10:12  Widow Mine x2, Marine  
  77  10:22  Starport Reactor, Liberator  
  75  10:41  Widow Mine x2  
  40  11:10  Siege Tank  
  44  11:17  Liberator  
  41  11:35  Factory Tech Lab  
  42  11:42  Siege Tank  
  43  11:57  Armory  
  43  12:03  SCV  
  44  12:14  Siege Tank  
  41  12:37  Siege Tank  
  41  12:38  Marine  
  43  12:54  Siege Tank  
  46  13:00  Liberator x2  
  46  13:01  SCV  
  47  13:13  SCV  
  47  13:15  Barracks  
  54  13:37  Refinery  
  54  13:47  Siege Tank x2  
  60  13:59  SCV  
  61  14:18  Terran Vehicle Weapons Level 1  
  61  14:20  Armory  
  61  14:27  Barracks Tech Lab  
  61  14:31  SCV x2  
  63  14:45  Barracks  
  63  14:46  Barracks  
  63  14:49  Barracks  
  63  15:07  Viking  
  63  15:08  Viking  
  63  15:12  Terran Ship Weapons Level 1  
  67  15:37  Viking  
  69  15:46  Barracks Tech Lab, Barracks Reactor  
  69  15:53  Barracks Tech Lab, Barracks  
  69  16:00  Barracks  
  69  16:14  Viking x2  
  69  16:16  SCV  
  69  16:17  SCV x2  
  76  16:21  Missile Turret  
  76  16:27  Sensor Tower  
  76  16:28  SCV  
  76  16:29  Stimpack, Combat Shields, SCV x2  
  79  16:34  Concussive Shells  
  79  16:36  Terran Infantry Weapons Level 2  
  79  16:38  Terran Vehicle Weapons Level 2  
  79  16:40  SCV  
  79  16:41  SCV x2  
  82  16:52  SCV  
  82  16:53  SCV x2  
  85  16:55  Barracks Tech Lab  
  85  16:56  Missile Turret, Marine  
  85  16:57  Barracks Tech Lab  
  85  16:58  Marine x2  
  85  16:59  Marine x2  
  90  17:04  SCV  
  90  17:05  SCV x2  
  93  17:20  Terran Ship Weapons Level 2  
  93  17:34  SCV, Marine x2  
  93  17:37  Marine  
  93  17:39  Marine x2  
  93  17:40  Marauder  
  82  17:44  Siege Tank x2  
  77  17:52  Marauder  
  77  17:57  Marauder  
  79  17:59  Barracks  
  79  18:01  Marine  
  79  18:02  Marauder, Barracks  
  82  18:09  Marine x4  
  86  18:13  Marine  
  86  18:16  Siege Tank x2  
  93  18:28  Engineering Bay  
  93  18:31  Supply Depot  
  93  18:34  Supply Depot  
  93  18:35  Supply Depot  
  93  18:41  Supply Depot  
  93  18:52  Marine x7  
  102  18:55  Marauder  
  102  19:05  Siege Tank  
  102  19:09  Barracks Tech Lab  
  105  19:10  Marine x7  
  105  19:14  Missile Turret  
  105  19:16  Marine  
  113  19:28  Marine x5  
  120  19:34  Supply Depot, Marine  
  121  19:39  Siege Tank, Supply Depot  
  121  19:40  Supply Depot  
  121  19:46  Marine x5  
  126  19:57  Sensor Tower  
  112  20:12  Supply Depot  
Show
View Real Time Build Order
Export as new Build Order

Teldo Terran 

Build Orders:  

Get SALT Encoding   

  12  0:03  SCV  
  13  0:16  Supply Depot  
  13  0:19  SCV  
  14  0:31  Refinery, SCV  
  15  0:44  Barracks  
  15  0:59  Barracks  
  15  1:00  SCV  
  16  1:12  SCV  
  17  1:25  SCV  
  18  1:32  Marine  
  19  1:37  SCV  
  20  1:42  Factory  
  20  1:48  Marine  
  20  1:49  SCV  
  22  1:59  Supply Depot  
  22  2:00  Marine  
  23  2:07  Orbital Command  
  23  2:26  Factory Tech Lab  
  23  2:31  Starport  
  23  2:35  Supply Depot  
  23  2:39  Refinery  
  23  2:43  Engineering Bay  
  23  3:02  Marine x2  
  25  3:09  Siege Tank  
  28  3:19  Supply Depot  
  28  3:22  SCV  
  29  3:30  Barracks Tech Lab  
  29  3:34  SCV  
  30  3:42  Command Center  
  33  3:48  Viking  
  32  3:56  Combat Shields  
  32  4:14  Missile Turret  
  32  4:20  Siege Tank  
  35  4:26  Barracks Reactor  
  35  4:27  Marine  
  35  4:31  Starport Tech Lab  
  36  4:34  SCV  
  37  4:43  Missile Turret  
  37  4:45  Marine  
  38  4:53  Medivac  
  40  5:05  Orbital Command  
  40  5:06  SCV  
  41  5:18  SCV  
  42  5:23  Medivac, Supply Depot  
  42  5:25  Terran Infantry Weapons Level 1  
  44  5:30  SCV  
  44  5:34  Hellion  
  47  5:36  SCV  
  47  5:41  Refinery  
  48  5:43  SCV  
  48  5:48  SCV  
  50  5:55  Hellion  
  52  6:07  High Capacity Fuel Tanks  
  51  6:42  SCV x2  
  51  6:44  Siege Tank  
  55  6:51  Refinery  
  55  6:53  Armory  
  51  6:54  SCV x2  
  49  7:06  SCV x2  
  43  7:09  Marine  
  43  7:10  Marine x2  
  43  7:11  Viking  
  48  7:16  Siege Tank  
  48  7:18  SCV  
  48  7:19  SCV  
  53  7:27  Building Armor, Marine  
  53  7:28  Marine x2  
  56  7:30  SCV  
  56  7:31  SCV  
  56  7:34  Missile Turret  
  58  7:41  Viking  
  58  7:42  SCV  
  58  7:43  SCV  
  62  7:45  Marine x3  
  62  7:50  Command Center  
  65  7:54  SCV  
  65  7:56  Supply Depot  
  66  8:03  Starport, Marine x3  
  69  8:08  Stimpack  
  69  8:11  Medivac  
  71  8:20  Marine  
  71  8:21  Marine x2  
  71  8:25  Sensor Tower  
  74  8:38  Marine  
  74  8:41  Medivac, SCV x2  
  77  8:54  Missile Turret  
  71  9:02  Marine  
  67  9:20  Marine  
  67  9:34  Barracks Reactor  
  67  9:36  Starport Reactor  
  67  9:39  Refinery  
  67  9:42  SCV x2  
  69  9:54  SCV x2  
  71  10:09  Armory  
  71  10:15  Missile Turret, Siege Tank  
  71  10:17  Medivac  
  73  10:33  Missile Turret  
  65  10:44  Marine  
  65  10:45  Marine x2  
  65  10:47  Medivac, Siege Tank  
  73  10:50  Command Center  
  73  11:02  Marine x3  
  76  11:19  Siege Tank  
  76  11:20  Marine x3  
  82  11:31  Starport Tech Lab  
  82  11:32  Viking x2  
  78  12:07  Thor  
  84  12:21  Fusion Core  
  84  12:23  Terran Ship Weapons Level 1  
  84  12:32  Supply Depot  
  84  12:34  Liberator  
  71  12:37  Liberator x2  
  60  12:50  Thor  
  67  12:55  Supply Depot  
  73  12:59  Armory  
  73  13:00  Marine x3  
  76  13:08  Planetary Fortress  
  76  13:18  Marine x3  
  79  13:28  SCV  
  79  13:31  Weapon Refit  
  79  13:32  Missile Turret  
  79  13:34  Battlecruiser  
  86  13:36  Marine x3  
  89  13:52  Missile Turret, Viking x2  
  89  13:53  Marine  
  89  13:54  Marine x2  
  96  13:58  Terran Vehicle And Ship Armor Level 1  
  96  14:05  Refinery  
  96  14:11  Marine  
  96  14:12  Marine x2  
  99  14:17  Missile Turret  
  99  14:19  Refinery  
  99  14:22  Viking x2  
  103  14:29  Marine x2  
  103  14:30  Marine  
  61  15:12  Viking x2  
  57  15:39  Factory Tech Lab  
  57  15:42  Viking  
  59  15:43  Starport  
Show
View Real Time Build Order
Export as new Build Order

FENIX Terran - Winner!

Build Orders: Mech 

Get SALT Encoding   

  12  0:01  SCV  
  13  0:13  SCV  
  14  0:25  Supply Depot  
  14  0:27  SCV  
  15  0:47  SCV  
  16  0:59  SCV, Barracks  
  17  1:04  Refinery  
  17  1:06  Refinery  
  17  1:11  SCV  
  18  1:23  SCV  
  19  1:35  SCV  
  19  1:39  Command Center  
  20  1:47  SCV  
  21  1:57  Marine  
  22  2:15  Barracks Reactor  
  22  2:21  Barracks  
  22  2:30  SCV  
  22  2:34  Supply Depot  
  23  2:44  Orbital Command  
  23  2:55  Orbital Command  
  23  3:00  Marine  
  23  3:01  Marine  
  25  3:18  Factory, Marine  
  25  3:19  SCV, Marine  
  28  3:22  SCV  
  29  3:31  SCV  
  29  3:34  SCV  
  31  3:36  Engineering Bay, Marine x2  
  33  3:43  SCV  
  33  3:46  SCV  
  35  3:54  Marine x2  
  37  4:07  Marine  
  38  4:11  Marine  
  38  4:12  Marine  
  40  4:24  SCV, Marine  
  40  4:28  Factory Tech Lab, SCV  
  40  4:29  Marine  
  40  4:30  Marine  
  45  4:36  SCV  
  46  5:09  Hi-Sec Auto Tracking, Supply Depot  
  46  5:11  Supply Depot  
  46  5:16  Missile Turret  
  46  5:30  Marine x2  
  46  5:31  SCV x2  
  46  5:32  Supply Depot  
  46  5:33  Missile Turret  
  46  5:34  Armory  
  50  5:36  Supply Depot  
  50  5:38  Missile Turret  
  50  5:41  Armory  
  50  5:43  SCV x2  
  50  5:49  Armory  
  52  5:55  SCV x2  
  54  5:57  Marine x2  
  54  5:58  Marine  
  54  6:00  Supply Depot  
  56  6:07  SCV  
  53  6:15  Marine  
  53  6:16  Siege Tank  
  55  6:26  Factory  
  55  6:28  Factory  
  55  6:29  Drilling Claws  
  55  6:32  Factory, SCV  
  56  6:37  Refinery  
  56  6:40  Refinery  
  56  6:43  SCV  
  56  6:44  SCV  
  58  6:55  SCV  
  59  7:11  SCV  
  60  7:18  Factory Reactor  
  60  7:19  Factory Tech Lab x2  
  60  7:23  Terran Vehicle Weapons Level 1, Terran Vehicle And Ship Armor Level 1, SCV  
  60  7:24  Terran Ship Weapons Level 1  
  61  7:38  Supply Depot  
  61  7:39  Supply Depot  
  61  7:42  SCV  
  62  7:45  SCV  
  63  7:54  SCV, Widow Mine x2  
  68  8:02  Supply Depot  
  68  8:22  Widow Mine x2  
  72  8:30  Thor  
  72  8:31  Thor x2  
  90  8:48  SCV  
  90  8:51  Widow Mine x2  
  90  8:53  SCV  
  90  8:54  Command Center  
  96  9:01  SCV  
  97  9:05  SCV  
  98  9:13  Thor x2, SCV  
  111  9:17  SCV  
  111  9:19  Widow Mine x2  
  116  9:25  SCV  
  116  9:27  Supply Depot  
  116  9:28  Supply Depot  
  116  9:29  SCV  
  118  9:37  SCV  
  119  9:41  SCV  
  120  9:46  Thor  
  126  9:54  Missile Turret  
  126  9:56  Thor  
  109  10:13  Planetary Fortress  
  109  10:20  Thor  
  115  10:29  Thor  
  102  11:01  SCV  
  103  11:04  Refinery  
  103  11:06  Refinery  
  103  11:10  Missile Turret  
  103  11:13  SCV  
  104  11:19  Thor  
  104  11:21  Thor  
  104  11:22  Thor  
  123  11:25  SCV  
  123  11:37  SCV  
  118  11:49  SCV  
  81  12:02  Thor  
  87  12:10  SCV  
  87  12:13  Thor x2  
  99  12:43  Widow Mine x2  
  103  12:45  Thor  
  103  13:11  Widow Mine  
  103  13:12  Widow Mine  
  95  13:31  Thor x2  
  107  13:38  Terran Vehicle Weapons Level 2  
  107  13:40  Widow Mine x2  
  111  13:55  Thor  
  117  14:08  Widow Mine  
  117  14:09  Widow Mine  
  121  14:28  Terran Vehicle And Ship Armor Level 2, Terran Ship Weapons Level 2  
  121  15:07  Thor x7  
  32  17:48  Command Center  
  28  17:59  Command Center  
  6  20:04  Orbital Command  
  6  20:10  Marine x2  
Show
View Real Time Build Order
Export as new Build Order

Metasapien Zerg - Winner!

Build Orders: Pool First, Swarm Host 

Get SALT Encoding   

  12  0:52  Spawning Pool  
  12  0:53  Overlord  
  12  0:54  Hatchery  
  10  0:58  Extractor  
  10  1:00  Drone  
  10  1:18  Drone x2  
  12  1:37  Drone x2  
  14  1:45  Drone  
  15  1:53  Drone  
  16  2:02  Drone  
  17  2:09  Drone  
  18  2:25  Drone  
  18  2:26  Hatchery  
  18  2:28  Drone x2  
  20  2:33  Drone  
  21  2:38  Overlord  
  21  2:42  Drone  
  22  2:49  Metabolic Boost  
  22  2:52  Drone  
  23  3:03  Queen  
  25  3:13  Queen  
  25  3:16  Drone  
  25  3:18  Drone  
  29  3:21  Drone  
  29  3:24  Drone  
  31  3:29  Overlord  
  31  3:32  Zergling x2  
  32  3:35  Zergling x2  
  32  3:37  Zergling x2  
  32  3:40  Drone  
  35  3:45  Drone  
  36  3:53  Drone  
  36  3:54  Queen  
  39  3:56  Overlord  
  39  4:00  Overlord  
  39  4:03  Drone  
  39  4:07  Drone x2  
  42  4:11  Extractor  
  42  4:12  Drone  
  42  4:14  Extractor  
  42  4:16  Drone  
  42  4:22  Lair  
  42  4:26  Roach Warren  
  42  4:29  Drone  
  42  4:30  Drone  
  43  4:33  Drone x2  
  43  4:35  Drone  
  43  4:37  Drone  
  47  4:44  Drone x2  
  47  4:45  Extractor  
  48  4:46  Overlord  
  48  4:48  Drone  
  48  4:50  Drone  
  50  4:53  Drone x2  
  52  5:05  Queen  
  54  5:10  Pneumatized Carapace  
  54  5:14  Drone x4  
  58  5:24  Hydralisk Den  
  57  5:29  Infestation Pit, Glial Reconstitution  
  57  5:30  Roach  
  57  5:31  Roach x4  
  66  5:35  Extractor  
  66  5:37  Spore Crawler  
  66  5:39  Spine Crawler  
  63  5:43  Roach x2  
  63  5:44  Roach  
  63  5:45  Drone x2  
  63  5:49  Overseer  
  71  5:55  Roach  
  71  5:56  Roach x2  
  74  6:01  Overlord x2  
  74  6:24  Queen  
  58  6:35  Roach x3  
  58  6:36  Roach x7  
  58  6:37  Hydralisk x3  
  80  6:48  Queen  
  80  6:50  Queen  
  80  6:52  Drone  
  85  6:54  Overseer  
  85  7:04  Hydralisk x2  
  85  7:05  Hydralisk  
  67  7:18  Roach x5  
  73  7:28  Overlord x2  
  73  7:34  Zergling x2  
  73  7:35  Overlord x2  
  74  7:46  Queen  
  76  7:52  Burrow  
  76  7:53  Pathogen Glands  
  76  8:01  Hydralisk  
  76  8:02  Hydralisk  
  76  8:03  Roach  
  82  8:05  Overlord  
  82  8:06  Overlord x2  
  82  8:15  Drone  
  82  8:16  Drone  
  84  8:23  Muscular Augments  
  84  8:26  Drone x3  
  87  8:27  Drone x3  
  87  8:28  Drone  
  87  8:29  Drone x4  
  87  8:32  Extractor  
  94  8:42  Overlord, Hydralisk  
  94  8:43  Overlord x3  
  94  8:46  Hydralisk  
  94  8:47  Roach x2, Hydralisk  
  105  9:02  Drone  
  105  9:03  Drone  
  105  9:04  Drone x3  
  105  9:07  Hydralisk x2  
  105  9:08  Roach x3  
  119  9:20  Drone  
  120  9:28  Nydus Network  
  118  9:46  Evolution Chamber  
  118  9:47  Evolution Chamber  
  118  9:48  Hydralisk x2  
  118  9:49  Roach x4, Hydralisk  
  118  9:51  Overlord x2  
  118  9:52  Overlord x3  
  130  10:17  Zerg Ground Armor Level 1, Zerg Missile Weapons Level 1  
  130  10:22  Swarm Host x3  
  130  10:26  Swarm Host  
  142  10:32  Drone x3  
  145  10:38  Spore Crawler  
  144  10:43  Hydralisk x3  
  144  10:44  Roach, Hydralisk  
  154  10:54  Spore Crawler  
  140  11:03  Zergling x2  
  140  11:04  Zergling x20  
  140  11:11  Queen x3  
  141  11:15  Hydralisk  
  141  11:16  Roach  
  148  11:49  Hydralisk x4  
  148  11:50  Overlord x2, Roach  
  148  11:51  Overlord  
  158  12:12  Zergling x12  
  123  12:41  Hydralisk  
  123  12:42  Roach x3, Hydralisk x2  
  123  12:43  Roach  
  122  12:44  Zerg Missile Weapons Level 2  
  122  12:45  Zerg Ground Armor Level 2  
  112  13:12  Hydralisk x3  
  112  13:13  Roach, Hydralisk x3  
  112  13:14  Roach  
  112  13:15  Hatchery  
  127  13:20  Queen x5  
  127  13:21  Roach  
  127  13:26  Roach  
  127  13:27  Roach x2  
  135  13:36  Hive  
  135  13:43  Swarm Host  
  135  13:44  Swarm Host x7  
  135  13:45  Swarm Host x2  
  165  14:03  Hydralisk x3  
  165  14:04  Roach  
  165  14:05  Ravager  
  165  14:06  Ravager x4  
  165  14:07  Ravager  
  179  14:31  Roach x3, Hydralisk x4  
  181  14:32  Roach x2  
  151  14:55  Ravager  
  151  14:57  Zergling x2  
  151  14:58  Zergling x22  
  154  15:29  Nydus Canal, Queen  
  154  15:30  Hydralisk  
  154  15:31  Roach x2, Hatchery, Hydralisk x5  
  154  15:32  Extractor, Roach x3  
  176  15:42  Extractor x2  
  174  15:50  Zergling x18  
  174  15:51  Zergling x4  
  173  16:12  Zergling x2  
  173  16:13  Zergling x12  
  169  16:28  Zergling x10  
  167  16:41  Zerg Missile Weapons Level 3  
  166  17:06  Drone x2, Spore Crawler x2  
  166  17:07  Drone  
  167  17:30  Spore Crawler x2  
  167  17:31  Spore Crawler  
  148  17:48  Hydralisk x3  
  148  17:49  Roach x3, Hydralisk x6  
  148  17:50  Roach x6  
  166  17:57  Hydralisk  
  166  17:58  Roach  
  170  18:15  Spine Crawler  
  170  18:18  Spine Crawler  
  160  19:11  Zergling x12  
  160  19:13  Ultralisk Cavern  
  160  19:14  Zergling x14  
  160  19:15  Zergling x32  
  172  19:42  Extractor  
  172  19:44  Hatchery  
  152  19:56  Nydus Canal  
  152  20:02  Swarm Host x4  
  152  20:03  Swarm Host x3  
Show
View Real Time Build Order
Export as new Build Order

NEO Protoss - Winner!

Build Orders:  

Get SALT Encoding   

  12  0:02  Probe (Chrono Boost)  
  13  0:13  Probe (Chrono Boost)  
  14  0:22  Pylon  
  14  0:26  Probe (Chrono Boost)  
  15  0:36  Assimilator  
  15  0:40  Probe (Chrono Boost)  
  16  0:50  Gateway  
  16  0:51  Probe (Chrono Boost)  
  17  1:01  Probe (Chrono Boost)  
  18  1:17  Probe (Chrono Boost)  
  19  1:28  Pylon  
  19  1:30  Probe (Chrono Boost)  
  20  1:34  Assimilator  
  20  1:41  Cybernetics Core  
  20  1:48  Probe (Chrono Boost)  
  20  1:51  Zealot (Chrono Boost)  
  23  2:00  Probe (Chrono Boost)  
  24  2:14  Probe (Chrono Boost)  
  25  2:22  Stargate  
  25  2:43  Nexus  
  25  2:44  Mothership Core (Chrono Boost)  
  27  2:50  Pylon  
  27  3:06  Void Ray (Chrono Boost)  
  27  3:09  Probe (Chrono Boost)  
  32  3:24  Probe (Chrono Boost)  
  33  3:30  Pylon  
  33  3:35  Probe (Chrono Boost)  
  33  3:36  Forge  
  34  3:45  Probe (Chrono Boost)  
  35  3:58  Probe (Chrono Boost)  
  35  4:00  Stargate  
  36  4:07  Stalker (Chrono Boost)  
  38  4:14  Photon Cannon  
  38  4:15  Void Ray (Chrono Boost)  
  38  4:19  Pylon  
  38  4:22  Probe x2 (Chrono Boost)  
  44  4:34  Probe (Chrono Boost)  
  44  4:35  Stalker (Chrono Boost)  
  47  4:45  Probe x2 (Chrono Boost), Pylon  
  49  4:53  Photon Cannon  
  49  4:56  Probe (Chrono Boost)  
  49  4:57  Probe (Chrono Boost)  
  51  5:02  Void Ray (Chrono Boost)  
  55  5:09  Probe x2 (Chrono Boost)  
  57  5:18  Assimilator  
  57  5:20  Probe x2 (Chrono Boost)  
  59  5:21  Assimilator  
  59  5:30  Probe x2 (Chrono Boost)  
  59  5:33  Pylon  
  61  5:40  Void Ray (Chrono Boost)  
  61  5:41  Probe  
  66  5:49  Photon Cannon  
  66  5:52  Photon Cannon  
  70  5:57  Void Ray (Chrono Boost)  
  70  6:04  Probe  
  71  6:24  Photon Cannon  
  62  6:46  Void Ray x2 (Chrono Boost)  
  68  7:02  Probe x2  
  70  7:19  Assimilator  
  70  7:25  Pylon  
  70  7:30  Pylon  
  70  7:43  Void Ray (Chrono Boost), Probe x2  
  76  7:48  Void Ray (Chrono Boost)  
  80  7:52  Photon Cannon  
  80  7:53  Photon Cannon  
  80  7:55  Probe x2  
  80  7:56  Photon Cannon  
  82  8:01  Photon Cannon  
  82  8:04  Pylon x2  
  82  8:07  Probe, Pylon  
  82  8:10  Nexus  
  83  8:21  Fleet Beacon  
  83  8:27  Stargate  
  83  8:34  Stargate  
  83  8:35  Probe x2  
  85  8:47  Probe x2  
  83  8:58  Void Ray (Chrono Boost)  
  83  8:59  Probe  
  83  9:00  Probe  
  85  9:11  Probe  
  86  9:17  Carrier (Chrono Boost)  
  86  9:29  Probe  
  86  9:30  Probe x2  
  95  9:33  Assimilator  
  95  9:37  Assimilator, Graviton Catapult (Chrono Boost)  
  95  9:47  Probe  
  95  9:48  Probe  
  95  9:49  Probe  
  98  9:53  Pylon  
  98  9:58  Probe  
  98  9:59  Pylon  
  99  10:00  Pylon  
  99  10:01  Probe x2  
  99  10:03  Pylon  
  101  10:08  Probe  
  101  10:13  Probe  
  75  10:43  Carrier (Chrono Boost)  
  75  10:46  Carrier (Chrono Boost)  
  75  10:48  Pylon  
  75  10:49  Carrier (Chrono Boost)  
  85  11:08  Photon Cannon  
  85  11:11  Photon Cannon  
  85  11:13  Photon Cannon  
  90  11:19  Carrier (Chrono Boost)  
  96  12:10  Nexus  
  102  12:25  Carrier (Chrono Boost)  
  102  12:40  Carrier (Chrono Boost)  
  108  12:57  Pylon  
  108  12:58  Pylon  
  114  13:12  Carrier (Chrono Boost)  
  113  13:21  Photon Cannon  
  113  13:32  Photon Cannon  
  113  13:34  Pylon  
  113  13:37  Carrier (Chrono Boost), Photon Cannon  
  119  13:50  Pylon  
  119  13:54  Photon Cannon  
  119  13:55  Photon Cannon  
  119  13:58  Photon Cannon  
  119  14:03  Photon Cannon  
  119  14:04  Photon Cannon  
  119  14:05  Photon Cannon  
  119  14:07  Photon Cannon  
  119  14:08  Pylon  
  125  14:18  Carrier (Chrono Boost)  
  125  15:04  Carrier (Chrono Boost)  
  137  15:16  Carrier (Chrono Boost)  
  134  16:07  Carrier (Chrono Boost)  
  134  16:44  Protoss Air Weapons Level 1 (Chrono Boost)  
  134  16:48  Cybernetics Core  
  134  17:31  Robotics Facility  
  134  18:08  Carrier  
  140  18:30  Protoss Air Weapons Level 2 (Chrono Boost)  
  140  19:07  Nexus  
  140  19:16  Assimilator  
  140  19:20  Assimilator  
Tags
 
Add a new tag
Caveats
  • Supply blocks, unpowered buildings, or Contaminate may cause inaccurate times.
  • Supply counts are checked every 10 seconds.